 Dungeon Crawl Stone Soup version 0.17-a0-1945-gfe993df (webtiles) character file.

7975 HungrySpirit the Grappler (level 11, -9/113 HPs)
             Began as a Troll Chaos Knight on Sept 30, 2015.
             Killed by Ozocubu's Refrigeration
             ... invoked by Fannar
              (20 damage)
             ... on level 10 of the Dungeon.
             The game lasted 00:15:36 (8717 turns).

HungrySpirit the Grappler (Troll Chaos Knight)      Turns: 8717, Time: 00:15:36

Health: -9/113     AC: 12    Str: 30    XL:     11   Next: 3%
Magic:  0/10       EV: 10    Int:  8    God:    Xom [..*...]
Gold:   255        SH:  2    Dex:  9    Spells: 0 memorised, 10 levels left

rFire  . . .     SeeInvis +       - Unarmed
rCold  . . .     Clarity  .     a - +2 robe
rNeg   . . .     SustAt   .     (no shield)
rPois  .         Gourm    +     (helmet restricted)
rElec  .         Spirit   +     y - +2 cloak
rCorr  .         Warding  .     (gloves unavailable)
rMut   .         Stasis   .     (boots unavailable)
MR     .....                    o - amulet of guardian spirit
Stlth  +.........               (no ring)
                                q - ring of see invisible

@: mighty, not resistant to hostile enchantments, very unstealthy
A: unfitting armour, claws 3, large bone plates 1, breathe flames 2, fast
metabolism 3, gourmand, regeneration 2, shaggy fur 1, tough skin 2
a: Renounce Religion, Breathe Fire


You were on level 10 of the Dungeon.
You worshipped Xom.
You were a toy of Xom.
You were full.

You visited 1 branch of the dungeon, and saw 10 of its levels.

You collected 482 gold pieces.
You spent 227 gold pieces at shops.

Inventory:

Armour
 a - a +2 robe (worn)
 y - a +2 cloak (worn)
Jewellery
 o - an amulet of guardian spirit (around neck)
 q - a ring of see invisible (left claw)
 L - an uncursed ring of flight {unknown}
 M - an uncursed ring of wizardry {unknown}
Magical devices
 k - a wand of digging (12)
 A - a wand of magic darts (26)
 F - a wand of fire (3)
 O - a wand of confusion (16)
Scrolls
 c - 4 scrolls of enchant armour {unknown}
 e - 5 scrolls of remove curse {unknown}
 f - 8 scrolls of identify {unknown}
 g - 3 scrolls of blinking {unknown}
 p - a scroll of random uselessness {unknown}
 r - a scroll of immolation {unknown}
 t - 2 scrolls of teleportation {unknown}
 u - a scroll of magic mapping {unknown}
 v - 2 scrolls of recharging {unknown}
 z - 5 scrolls of noise {unknown}
 D - a scroll of fear {unknown}
 E - 2 scrolls of fog {unknown}
 G - a scroll of amnesia {unknown}
 I - a scroll of torment {unknown}
 P - a scroll of vulnerability {unknown}
Potions
 d - 4 potions of heal wounds
 h - 2 potions of lignification {unknown}
 i - a potion of magic {unknown}
 j - 3 potions of haste
 l - 7 potions of curing
 m - 2 potions of agility {unknown}
 s - a potion of brilliance {unknown}
 x - 2 potions of mutation {unknown}
 B - a potion of degeneration {unknown}
 H - 2 potions of invisibility {unknown}
Comestibles
 b - 5 bread rations
 n - 5 slices of pizza
 w - 4 meat rations
 C - 6 fruits
 J - a beef jerky
 K - 7 royal jellies


   Skills:
 + Level 8.6 Fighting
 - Level 3.6 Dodging
 * Level 13.3 Unarmed Combat


You had 10 spell levels left.
You didn't know any spells.

Dungeon Overview and Level Annotations

Branches:
Dungeon (10/15)            Temple (0/1) D:5            Lair (0/8) D:8
    Orc: D:9-12

Altars:
Gozag
Kikubaaqudgha
Makhleb
Okawaru
Ru
Sif Muna
Trog
Xom
Yredelemnul
The Shining One

Shops:
D:5 !!*

Annotations:
D:10 Fannar


Innate Abilities, Weirdness & Mutations

You are too large for most types of armour.
You have claws for hands.
Your metabolism is lightning-fast.
You like to eat raw meat.
You heal very quickly.
You are covered in fur (AC +1).
You have very tough skin (AC +2).
You are partially covered in large bone plates (AC +2, SH +2).
You can breathe fire.


Message History

* * * LOW HITPOINT WARNING * * *
Fannar is frozen.
Fannar resists.
Fannar blocks your attack.
Fannar is almost dead.
You block the ice beast's attack.
Fannar mumbles some strange words.
Fannar blinks!
Unknown command.
Drink which item? (? for menu, Esc to quit)
Okay, then.
Fannar gestures wildly while chanting.
Fannar drains the heat from the surrounding environment!
You feel very cold.
* * * LOW HITPOINT WARNING * * *
Fannar is frozen.
Fannar resists.
Fannar casts a spell.
Fannar drains the heat from the surrounding environment!
You feel very cold.
You die...
Xom guffaws!

.........# #.#
########## #.#
...# #.# ##.#
#e# #.# #.#
#.# #.# #.#
#.# #.# #Y#
#.# #@# #.#
#.#
##.###########
#.#
#.............
..#
#..........#
###
...........#
...###(....#
...#.#.(...#
...#'#.....#


You could see Fannar and an ice beast.

Vanquished Creatures
  A hill giant (D:10)
  A gargoyle (D:10)
  2 trolls
  A queen bee (D:9)
  A human (D:10)
  12 yaks
  A hungry ghost (D:8)
  A steam dragon (D:10)
  2 ice beasts
  3 orc warriors
  A phantom (D:9)
  2 wasps
  2 ogres (D:4)
  2 sky beasts (D:9)
  A centaur (D:10)
  2 big kobolds
  7 giant frogs
  A crocodile (D:10)
  4 scorpions
  17 killer bees (D:9)
  The ghost of ololoev the Slasher, a weakling HEFi (D:6)
  2 crimson imps (D:5)
  A giant frog zombie (D:5)
  9 hounds
  3 orc priests
  A jelly (D:9)
  10 orc wizards
  A giant frog skeleton (D:6)
  Ijyb (D:2)
  A centaur zombie (D:10)
  A centaur skeleton (D:7)
  Natasha (twice) (D:3)
  5 iguanas
  7 worker ants
  A hound skeleton (D:6)
  5 adders
  7 gnolls
  4 shadow imps
  2 oozes
  3 adder zombies
  4 worms
  2 adder skeletons
  4 giant geckos
  23 orcs
  2 ball pythons
  2 bats
  5 giant cockroaches
  15 goblins
  8 hobgoblins
  10 jackals
  20 kobolds
  8 quokkas
  4 giant newts
  A goblin zombie (D:10)
  10 rats
249 creatures vanquished.

Vanquished Creatures (collateral kills)
  A deep elf mage (D:7)
1 creature vanquished.

Grand Total: 250 creatures vanquished

Notes
Turn   | Place    | Note
--------------------------------------------------------------
     0 | D:1      | HungrySpirit the Troll Chaos Knight began the quest for the Orb.
     0 | D:1      | Reached XP level 1. HP: 22/22 MP: 0/0
   116 | D:1      | XOM: divination: magic mapping
   215 | D:1      | XOM: give mutations
   215 | D:1      | Gained mutation: You can breathe flames. [Xom's grace]
   215 | D:1      | Gained mutation: You can breathe fire. [Xom's grace]
   215 | D:1      | Gained mutation: You are partially covered in large bone plates (AC +2, SH +2). [Xom's grace]
   217 | D:1      | Reached XP level 2. HP: 14/29 MP: 1/1
   508 | D:1      | XOM: vitrification
   626 | D:1      | XOM: vitrification
   941 | D:2      | Noticed Ijyb
   955 | D:2      | Killed Ijyb
   955 | D:2      | Reached XP level 3. HP: 33/37 MP: 2/2
  1041 | D:2      | Reached XP level 4. HP: 40/45 MP: 3/3
  1127 | D:2      | Reached skill level 4 in Unarmed Combat
  1158 | D:2      | Found a glowing golden altar of the Shining One.
  1199 | D:2      | XOM: snakes to sticks
  1250 | D:2      | Found a bloodstained altar of Trog.
  1382 | D:2      | XOM: vitrification
  1461 | D:3      | XOM is BORED!
  1461 | D:3      | XOM: 8-stop teleportation journey
  1498 | D:3      | Found a faded altar to an unknown god.
  1537 | D:3      | Reached XP level 5. HP: 43/53 MP: 4/4
  1585 | D:3      | XOM: harmless Air miscast
  1596 | D:3      | Found an ancient bone altar of Kikubaaqudgha.
  1821 | D:3      | Noticed Natasha
  1828 | D:3      | Killed Natasha
  1949 | D:3      | XOM: god gift: glowing scythe {god gift}
  2282 | D:3      | Noticed Natasha
  2288 | D:3      | Killed Natasha
  2400 | D:4      | XOM is BORED!
  2400 | D:4      | XOM: confusion (+ monsters)
  2402 | D:4      | Noticed an ogre
  2417 | D:4      | Reached skill level 5 in Unarmed Combat
  2417 | D:4      | Reached XP level 6. HP: 60/62 MP: 5/5
  2417 | D:4      | XOM: potion effect (brilliance)
  2423 | D:4      | Killed an ogre
  2436 | D:4      | XOM: noise
  2456 | D:4      | XOM: enchant monster (bad)
  2509 | D:4      | Found a sacrificial altar of Ru.
  2634 | D:4      | XOM: noise
  2685 | D:4      | Found a burning altar of Makhleb.
  2770 | D:4      | XOM: 4-stop teleportation journey
  2894 | D:4      | XOM: harmless Summ miscast
  2904 | D:4      | XOM: enchant monster (bad)
  2919 | D:4      | Reached XP level 7. HP: 39/70 MP: 1/6
  2928 | D:4      | XOM: 1-stop teleportation journey
  3119 | D:4      | XOM: mild Conj miscast
  3417 | D:4      | Noticed an ogre
  3421 | D:4      | Killed an ogre
  3421 | D:4      | Reached skill level 6 in Unarmed Combat
  3540 | D:5      | Entered Level 5 of the Dungeon
  3628 | D:5      | Found Ekkutz's Distillery.
  3631 | D:5      | Found an iron altar of Okawaru.
  3657 | D:5      | Bought a potion of curing for 36 gold pieces
  3657 | D:5      | Bought a potion of haste for 120 gold pieces
  3710 | D:5      | Found a staircase to the Ecumenical Temple.
  3828 | D:5      | XOM is BORED!
  3828 | D:5      | XOM: noise
  3893 | D:5      | Reached skill level 7 in Unarmed Combat
  3928 | D:5      | XOM: summons 5 hostile shadow creatures
  3932 | D:5      | XOM: enchant monster (good)
  3952 | D:5      | XOM: destruction
  4005 | D:5      | Found Qekhleowi's Distillery.
  4013 | D:5      | Bought a potion of heal wounds for 50 gold pieces
  4096 | D:5      | Found Awurain's Assorted Antiques.
  4103 | D:5      | XOM: mild Conj miscast
  4109 | D:5      | Bought a scroll labeled TULAUGGEDY for 21 gold pieces
  4356 | D:6      | Reached XP level 8. HP: 79/79 MP: 7/7
  4484 | D:6      | Noticed ololoev's ghost (weakling HEFi)
  4489 | D:6      | Killed ololoev's ghost
  4518 | D:6      | Found an opulent altar of Gozag.
  4575 | D:6      | XOM: confuse monster(s)
  4588 | D:6      | Reached skill level 5 in Fighting
  4962 | D:7      | Reached skill level 8 in Unarmed Combat
  5058 | D:7      | XOM: enchant monster (bad)
  5101 | D:7      | XOM: summons 7 friendly demons
  5210 | D:7      | XOM: mild Fire miscast
  5868 | D:8      | XOM: harmless Necr miscast
  5965 | D:8      | Reached skill level 9 in Unarmed Combat
  6012 | D:8      | XOM: summons friendly white imp
  6024 | D:8      | XOM: mild Hex miscast
  6025 | D:8      | XOM: noise
  6040 | D:8      | XOM: summons friendly crimson imp
  6120 | D:8      | Reached XP level 9. HP: 83/89 MP: 8/8
  6158 | D:8      | Found a deep blue altar of Sif Muna.
  6406 | D:8      | Found a staircase to the Lair.
  6419 | D:8      | XOM: 1-stop teleportation journey
  6863 | D:9      | XOM: god gift: beef jerky
  6886 | D:9      | XOM: god gift: scroll labeled HIBIMIXEPU
  6918 | D:9      | XOM: summons friendly quasit
  6923 | D:9      | Reached skill level 10 in Unarmed Combat
  6923 | D:9      | XOM: cast spell 'Ice Form'
  6985 | D:9      | XOM: summons friendly iron imp
  7008 | D:9      | Reached skill level 11 in Unarmed Combat
  7134 | D:9      | XOM: 4-stop teleportation journey
  7181 | D:9      | XOM: summons friendly iron imp
  7315 | D:9      | Reached XP level 10. HP: 77/102 MP: 6/9
  7418 | D:9      | XOM: divination: magic mapping
  7719 | D:9      | Found a shimmering altar of Xom.
  7834 | D:9      | XOM: harmless Necr miscast
  7836 | D:9      | Reached skill level 12 in Unarmed Combat
  7855 | D:9      | XOM: smoke on damage
  7866 | D:9      | XOM: silly message
  7938 | D:10     | Entered Level 10 of the Dungeon
  8012 | D:10     | XOM: potion effect (berserk rage)
  8193 | D:10     | Noticed a hill giant
  8194 | D:10     | XOM: potion effect (might)
  8200 | D:10     | Killed a hill giant
  8200 | D:10     | Reached skill level 13 in Unarmed Combat
  8265 | D:10     | Found a runed door.
  8269 | D:10     | Found a basalt altar of Yredelemnul.
  8419 | D:10     | XOM: potion effect (berserk rage)
  8539 | D:10     | Reached XP level 11. HP: 102/113 MP: 7/10
  8539 | D:10     | XOM: harmless Fire miscast
  8683 | D:10     | Noticed Fannar
  8706 | D:10     | XOM: potion effect (might)
  8717 | D:10     | Killed from afar by Fannar

Vault maps used:
D:1:      dpeg_arrival_three_same_balls
D:2:      nicolae_tso_carved_into_rock, first_bread, bloody_trog, uniq_iyjb
D:3:      kennysheep_goblin_castle, old_standard_altar, ecumenical_altar_1,
          minmay_cut_off, uniq_natasha
D:4:      nicolae_ru_great_annihilating_truth, old_standard_altar
D:5:      okawaru_gym_becter, minmay_temple_entry_nine_rooms, serial_shops,
          shop, nicolae_shop_crystal, shop
D:6:      nicolae_gozag_cash_rules_everything_around_me
D:7:      amethyst_killhole, patterned_corridor
D:8:      dpeg_oklobed_lair, basic_altar
D:9:      lemuel_round_altar, david_nohive_1
D:10:     dk_yredelemnul_ordeal, uniq_fannar

Action                   |  1- 3 |  4- 6 |  7- 9 | 10-12 || total
-------------------------+-------+-------+-------+-------++-------
Melee: Unarmed           |    66 |   214 |   346 |   187 ||   813
 Abil: Breathe Fire      |     1 |       |       |       ||     1
 Stab: Sleeping          |     1 |       |     1 |     1 ||     3
       Paralysed         |       |     1 |       |       ||     1
  Eat: Chunk             |    14 |    16 |    43 |    16 ||    89
       Fruit             |       |       |     4 |       ||     4
